 Dungeon Crawl Stone Soup version 0.27.1-3-gb3d3a73c9e (webtiles) character file.

Game seed: 13236413606280228523

769 styxcanada the Covert (level 7, -7/35 HPs)
             Began as a Spriggan Brigand on Oct 30, 2021.
             Was an Initiate of Gozag.
             Mangled by a vampire mosquito (10 damage)
             ... on level 4 of the Dungeon.
             The game lasted 00:17:59 (4769 turns).

styxcanada the Covert (Spriggan Brigand)            Turns: 4769, Time: 00:18:00

Health: -7/35      AC:  5    Str:  7    XL:     7   Next: 52%
Magic:  8/8        EV: 18    Int: 13    God:    Gozag
Gold:   440        SH:  6    Dex: 18    Spells: 6/6 levels left

rFire    . . .     SeeInvis +   n - +2 short sword (speed)
rCold    . . .     Faith    .   d - +0 buckler
rNeg     . . .     Spirit   .   b - +0 robe
rPois    .         Reflect  .   m - +1 hat
rElec    .         Harm     .   c - +1 cloak
rCorr    .         Rampage  .   (gloves unavailable)
Will     +....                  (boots unavailable)
Stlth    ++++......             (no amulet)
HPRegen  0.11/turn              (no ring)
MPRegen  0.11/turn              (no ring)

@: very quick
A: very small, no large weapons, unfitting armour, see invisible, speed 3
a: Renounce Religion, Potion Petition, Call Merchant, Bribe Branch


You were on level 4 of the Dungeon.
You worshipped Gozag.
Gozag was aware of your devotion.
You visited 2 branches of the dungeon, and saw 7 of its levels.

You collected 590 gold pieces.
You spent 100 gold pieces at shops.
You paid 50 gold pieces to Gozag.

Inventory:

Hand Weapons
 a - a +2 dagger
 h - a +0 short sword of protection
 j - a +0 hunting sling
 n - a +2 short sword of speed (weapon)
Missiles
 e - 2 curare-tipped darts (quivered)
 g - 127 stones
 l - 8 boomerangs
 r - 4 poisoned darts
Armour
 b - a +0 robe (worn)
 c - a +1 cloak (worn)
 d - a +0 buckler (worn)
 m - a +1 hat (worn)
Wands
 o - a wand of polymorph (12)
Potions
 f - a potion of mutation {unknown}
 i - 2 potions of flight {unknown}
 k - a potion of heal wounds {unknown}
 p - a potion of cancellation {unknown}
 q - a potion of haste {unknown}
 s - a potion of curing {unknown}
 u - a potion of might {unknown}


   Skills:
 * Level 2.8 Fighting
 + Level 4.3 Short Blades
 + Level 2.7 Throwing
 * Level 4.5 Dodging
 * Level 9.3 Stealth
 * Level 1.2 Shields
 * Level 3.4 Evocations


You had 6 spell levels left.
You didn't know any spells.
Your spell library contained the following spells:

 Spells                   Type           Power      Damage    Failure   Level
 Freeze                   Ice            0%         1d3       43%         1
 Frozen Ramparts          Ice            0%         1d2       80%         3
 Portal Projectile        Hex/Tloc       0%         N/A       80%         3
 Hailstorm                Conj/Ice       0%         3d3       99%         4
 Blade Hands              Tmut           0%         N/A       100%        5
 Excruciating Wounds      Necr           0%         N/A       100%        5


Dungeon Overview and Level Annotations

Branches:
Dungeon (6/15)             Temple (1/1) D:6

Altars:
Ashenzari
Cheibriados
Gozag
Ru
Uskayaw

Shops:
D:4 [

Annotations:
D:5 Prince Ribbit


Innate Abilities, Weirdness & Mutations

You are very small and have problems with some larger weapons.
You are too small for most types of armour.
You have supernaturally acute eyesight. (SInv)
You cover ground extremely quickly. (Speed+++)


Message History

The hound misses you.
The vampire mosquito closely misses you.
You closely miss the hound.
The hound is almost dead.
The hound bites you.
The vampire mosquito completely misses you.
You hit the hound.
You kill the hound!
The vampire mosquito barely misses you.
The vampire mosquito is distracted by your dazzling golden aura.
You see here 3 gold pieces.
You miss the vampire mosquito.
The vampire mosquito is no longer distracted by gold.
The vampire mosquito buzzes angrily.
The vampire mosquito bites you!
* * * LOW HITPOINT WARNING * * *
The vampire mosquito draws strength from your injuries!
You hit the vampire mosquito.
The vampire mosquito is lightly damaged.
The vampire mosquito closely misses you.
Okay, then.
You see here 3 gold pieces.
There is a stone staircase leading up here.
The vampire mosquito barely misses you.
The vampire mosquito completely misses you.
You climb upwards.
There is a stone staircase leading down here.
You hit the vampire mosquito.
The vampire mosquito is lightly damaged.
The vampire mosquito misses you.
You hit the vampire mosquito but do no damage.
The vampire mosquito is lightly damaged.
The vampire mosquito misses you. The vampire mosquito bites you!
* * * LOW HITPOINT WARNING * * *
The vampire mosquito draws strength from your injuries!
You hit the vampire mosquito.
The vampire mosquito is lightly damaged.
The vampire mosquito bites you!
You die...
Your body crumbles into a pile of gold.

#.#.#.#.#...........
#.#...#.#...........
#.#####.#.##.##.....
#.# #......##..)..
#.#####....#######..
#..........# ##...
#..........# #..≈≈
#.######...#####.≈≈≈
#.#@y..........#.≈≈≈
#.#.####...#####.≈≈≈
#.#........#####..≈≈
#.#............#⌠..∩
#.##......####.#####
#.##......####.##...
#.##......##........
#.#.......##.....#..
####.#..............#..


You could see a vampire mosquito.

Vanquished Creatures
  A vampire mosquito (D:5)
  3 ogres
  A gnoll sergeant (D:4)
  A bullfrog zombie (D:5)
  A hound (D:5)
  An orc priest (D:4)
  An orc wizard (D:3)
  A hound skeleton (D:4)
  A mummy (D:3)
  2 adders
  6 gnolls
  A white imp (D:6)
  2 worms
  3 dart slugs
  4 orcs
  5 bats
  8 endoplasms
  2 giant cockroaches
  13 goblins
  9 hobgoblins
  5 jackals (D:1)
  2 quokkas
  7 ball pythons
  2 frilled lizards (D:3)
  7 kobolds
  3 rats
  A spectral goblin (D:3)
93 creatures vanquished.

Notes
Turn   | Place    | Note
-------+----------+-------------------------------------------
     0 | D:1      | styxcanada the Spriggan Brigand began the quest for the
                  | Orb.
     0 | D:1      | Reached XP level 1. HP: 10/10 MP: 2/2
    91 | D:1      | Reached skill level 6 in Stealth
   110 | D:1      | Reached XP level 2. HP: 9/14 MP: 3/3
  1000 | D:2      | Reached XP level 3. HP: 16/18 MP: 4/4
  1811 | D:3      | You fall into a shaft and drop 3 floors!
  1811 | D:6      | Found a staircase to the Ecumenical Temple.
  1813 | D:6      | Reached XP level 4. HP: 23/23 MP: 5/5
  1817 | Temple   | Entered the Ecumenical Temple
  1825 | Temple   | Became a worshipper of Gozag Ym Sagoz the Greedy
  1838 | D:6      | Noticed an ogre
  1872 | D:6      | Killed an ogre
  1873 | D:6      | Reached skill level 7 in Stealth
  1873 | D:6      | Reached skill level 1 in Evocations
  1873 | D:6      | Reached XP level 5. HP: 26/26 MP: 6/6
  2087 | D:5      | Entered Level 5 of the Dungeon
  2087 | D:5      | Noticed Prince Ribbit
  2253 | D:3      | Found a faded altar of an unknown god.
  2264 | D:3      | Found a sacrificial altar of Ru.
  2428 | D:3      | Found a broken altar of Ashenzari.
  2996 | D:3      | Reached XP level 6. HP: 29/32 MP: 7/7
  3127 | D:3      | Found a snail-covered altar of Cheibriados.
  3741 | D:4      | Reached skill level 8 in Stealth
  3843 | D:4      | Found Iggokh's Antique Armour Boutique.
  3895 | D:4      | Bought a hat for 100 gold pieces
  4497 | D:4      | Reached XP level 7. HP: 35/35 MP: 8/8
  4526 | D:4      | Reached skill level 1 in Shields
  4739 | D:5      | Noticed a vampire mosquito
  4739 | D:5      | Noticed a vampire mosquito
  4739 | D:5      | Noticed a vampire mosquito
  4741 | D:5      | Killed a vampire mosquito
  4742 | D:5      | Reached skill level 9 in Stealth
  4769 | D:4      | Mangled by a vampire mosquito

Illustrated notes

Levels and vault maps discovered:
D:1:      lightli_arrival_isolated_outpost, layout_basic, serial_bayou_pond_d,
          amcnicky_mini_rare_corridor_liquid, serial_park_tiny_2,
          hangedman_feature_mirror, corexii_corridor_pit, minmay_octomino_e4
D:2:      layout_loops_ring, kennysheep_another_room, minmay_vboxes
D:3:      layout_loops_corners, chei_slow_surprise,
          mainiacjoe_overflow_chevrons, nicolae_ru_great_annihilating_truth,
          dreamdust_ecumenical_altar_drowned_temple
D:4:      layout_basic, serial_shops, nicolae_lakefront_shop, minmay_mini_jars
D:5:      layout_basic, serial_shops, shop, st_stairs_10, uniq_grinder,
          uniq_prince_ribbit1
D:6:      layout_basic, nicolae_elyvilon_temple_path,
          minmay_temple_entry_stoned_glass, gammafunk_ghost_cemetery,
          dk_vineyard_2, nrook_campfire, uniq_eustachio
Temple:   dpeg_chambers_temple

Skill      XL: |  1  2  3  4  5  6  7 |
---------------+----------------------+-----
Stealth        | 6 7 8 9 |  9.3
Dodging        | 2 3 4 |  4.5
Fighting       | 2 |  2.8
Short Blades   | 3 4 |  4.3
Evocations     | 1 3 |  3.4
Shields        | 1 |  1.2
Throwing       | |  2.7

Action                   |  1- 3 |  4- 6 |  7- 9 || total
-------------------------+-------+-------+-------++-------
Melee: Dagger            |    25 |       |       ||    25
       Short sword       |   177 |   159 |    20 ||   356
Throw: Dart              |     6 |    27 |       ||    33
       Stone             |       |     4 |       ||     4
  Use: Scroll            |       |     7 |       ||     7
 Stab: Sleeping          |     9 |    22 |     5 ||    36
Armor: Robe              |    39 |    18 |     1 ||    58
Dodge: Dodged            |   155 |    95 |    22 ||   272
Block: Buckler           |       |     7 |     2 ||     9
